 Dungeon Crawl Stone Soup version 0.19-a0-1626-g5215c36 (webtiles) character file.

4916 st0uf the Magician (level 10, 0/68 HPs)
             Began as a High Elf Skald on Sept 18, 2016.
             Was an Elder of Okawaru.
             Killed from afar by Harold (19 damage)
             ... with a bolt of fire
             ... on level 10 of the Dungeon.
             The game lasted 00:52:59 (8006 turns).

st0uf the Magician (High Elf Skald)                 Turns: 8006, Time: 00:52:59

Health: 0/68       AC:  8    Str: 14    XL:     10   Next: 27%
Magic:  15/21      EV: 15    Int: 27    God:    Okawaru [****..]
Gold:   384        SH:  0    Dex: 18    Spells: 5 memorised, 8 levels left

rFire  . . .     SeeInvis .     P - +7 falchion "Duex" {slice, rPois Int+7}
rCold  . . .     Gourm    .     v - +0 leather armour of Suxzoaciez {Str+3 Dex+3}
rNeg   . . .     Faith    .     (no shield)
rPois  +         Spirit   .     O - +0 helmet
rElec  .         Dismiss  .     (no cloak)
rCorr  .         Reflect  .     (no gloves)
MR     +....     Harm     .     l - +1 pair of boots
Stlth  +.........               (no amulet)
                                (no ring)
                                n - +2 ring of protection

@: shrouded, infused (expiring)
A: no striking features
a: Heroism, Renounce Religion


You were on level 10 of the Dungeon.
You worshipped Okawaru.
Okawaru was greatly pleased with you.
You were not hungry.

You visited 1 branch of the dungeon, and saw 10 of its levels.

You collected 384 gold pieces.

Inventory:

Hand Weapons
 q - a +1 long sword of freezing
 P - the +7 falchion "Duex" (weapon) {slice, rPois Int+7}
   (You found it on level 10 of the Dungeon)

   It inflicts extra damage upon your enemies.
   It affects your intelligence (+7).
   It protects you from poison.
Armour
 l - a +1 pair of boots (worn)
 v - the +0 leather armour of Suxzoaciez (worn) {Str+3 Dex+3}
   (You found it on level 4 of the Dungeon)

   It affects your strength (+3).
   It affects your dexterity (+3).
 O - a +0 helmet (worn)
Jewellery
 n - a +2 ring of protection (left hand)
 z - an uncursed amulet of regeneration {unknown}
Wands
 k - a wand of lightning (9/15)
 m - a wand of iceblast (6/15)
 F - a wand of digging (8/24)
 G - a wand of paralysis (14/24)
 I - a wand of lightning (7/15)
Scrolls
 p - 4 scrolls of enchant armour {unknown}
 s - 3 scrolls of noise {unknown}
 x - a scroll of amnesia {unknown}
 y - 2 scrolls of magic mapping {unknown}
 A - 4 scrolls of teleportation {unknown}
 C - a scroll of summoning {unknown}
 E - a scroll of enchant weapon {unknown}
 L - a scroll of random uselessness {unknown}
 M - a scroll of remove curse {unknown}
Potions
 a - a potion of agility
 b - 2 potions of degeneration
 g - 2 potions of cancellation
 h - 3 potions of mutation
 i - 5 potions of curing
 j - 2 potions of heal wounds
 o - 2 potions of brilliance
 w - a potion of lignification {unknown}
 D - 2 potions of ambrosia {unknown}
 N - a potion of cure mutation {unknown}
Books
 c - a book of Battle

   Spells                             Type                      Level
   a - Infusion                       Charms                       1
   b - Shroud of Golubria             Charms/Translocation         2
   c - Song of Slaying                Charms                       2
   d - Spectral Weapon                Hexes/Charms                 3
   e - Regeneration                   Charms/Necromancy            3
 r - a book of the Tempests

   Spells                             Type                      Level
   a - Static Discharge               Conjuration/Air              3
   b - Lightning Bolt                 Conjuration/Air              5
   c - Fireball                       Conjuration/Fire             5
   d - Tornado                        Air                          9
   e - Shatter                        Earth                        9
 B - the Compendium of Rubbish
   (You found it on level 7 of the Dungeon)

   Spells                             Type                      Level
   a - Flame Tongue                   Conjuration/Fire             1
   b - Sting                          Conjuration/Poison           1
   c - Mephitic Cloud                 Conjuration/Poison/Air       3
   d - Ignite Poison                  Fire/Transmutation/Poison    3
   e - Alistair's Intoxication        Transmutation/Poison         5
   f - Ring of Flames                 Charms/Fire                  7
 J - the Papyrus of the Compass and Heat
   (You found it on level 7 of the Dungeon)

   Spells                             Type                      Level
   a - Ignite Poison                  Fire/Transmutation/Poison    3
   b - Inner Flame                    Hexes/Fire                   3
   c - Passage of Golubria            Translocation                4
   d - Bolt of Magma                  Conjuration/Fire/Earth       5
Comestibles
 d - 8 bread rations
 f - a beef jerky
 t - 8 fruits
 u - 3 meat rations
 H - a slice of pizza
 K - 4 chunks of flesh


   Skills:
 * Level 6.3 Fighting
 + Level 5.5 Long Blades
 + Level 3.5 Armour
 + Level 5.0 Dodging
 * Level 6.9 Spellcasting
 + Level 3.7 Conjurations
 + Level 6.3 Charms
 - Level 2.1 Necromancy
 + Level 4.0 Translocations
 + Level 1.9 Fire Magic
 * Level 5.4 Air Magic
 + Level 3.4 Invocations
 - Level 3.0 Evocations


You had 8 spell levels left.
You knew the following spells:

 Your Spells              Type           Power        Failure   Level  Hunger
a - Infusion              Chrm           ####         1%          1    None
b - Shroud of Golubria    Chrm/Tloc      #####.....   1%          2    None
c - Regeneration          Chrm/Necr      ####......   4%          3    None
d - Static Discharge      Conj/Air       ####....     3%          3    None
e - Fireball              Conj/Fire      ###.......   67%         5    #####..


Dungeon Overview and Level Annotations

Branches:
Dungeon (10/15)            Temple (0/1) D:6            Lair (0/6) D:9
    Orc: D:9-12

Altars:
Ashenzari
Cheibriados
Fedhas
Kikubaaqudgha
Okawaru
Qazlal
Ru
Zin

Shops:
D:5 :

Annotations:
D:5 crawlian's ghost, weakling DEFE
D:8 exclusion: killer bee
D:10 Harold


Message History

Harold gestures at you while chanting. The bolt of fire hits you!
* * * LOW HITPOINT WARNING * * *
Harold gestures at you while chanting. The bolt of fire misses you.
Harold points at you and mumbles some strange words.
The bolt of fire misses you.
You hit Harold but do no damage.
Harold is almost dead.
Your magical infusion is running out.
Harold barely misses you.
You riposte.
You closely miss Harold.
Harold is almost dead.
You slash Harold!
Harold is almost dead.
Harold mumbles some strange words.
Harold blinks!
Harold looks eager to get this over with.
Harold casts a spell at you. The bolt of fire hits you!
You die...

#. #................
#.#######...#########.###
#...........# #)#
#..........# #.#
#..........#########.###
#..............).)..((..
#..........(...#########
#.........@....#
#......@.......#
#.....ยง....(...#
#..............#
#..............# ###
#................ ...
#................. ...
#..############..## ###
#.. ..####### ........


You could see Harold.

Vanquished Creatures
  Pikel (D:5)
  Sigmund (D:6)
  3 yaks (D:9)
  A hungry ghost (D:9)
  2 steam dragons (D:9)
  3 sky beasts
  3 ice beasts
  3 orc warriors
  An eye of draining (D:10)
  2 phantoms
  4 ogres
  A big kobold (D:10)
  5 bullfrogs
  A wyvern skeleton (D:7)
  2 scorpions
  8 howler monkeys
  3 wights (D:4)
  A crimson imp (D:10)
  A quasit (D:10)
  2 bullfrog zombies
  5 orc priests
  5 hounds
  2 iguanas
  6 orc wizards
  8 worker ants
  A hound zombie (D:5)
  A worker ant zombie (D:8)
  A gnoll (D:1)
  4 adders
  A shadow imp (D:5)
  An adder skeleton (D:5)
  3 worms
  3 dart slugs
  12 leopard geckos
  33 orcs
  A ball python (D:2)
  7 giant cockroaches
  8 goblins
  12 hobgoblins
  4 jackals
  3 quokkas
  6 bats
  9 frilled lizards
  A giant cockroach zombie (D:5)
  15 kobolds
  11 rats
211 creatures vanquished.

Vanquished Creatures (others)
  A fungus (D:2)
1 creature vanquished.

Grand Total: 212 creatures vanquished

Notes
Turn   | Place    | Note
-------+----------+-------------------------------------------
     0 | D:1      | st0uf the High Elf Skald began the quest for the Orb.
     0 | D:1      | Reached XP level 1. HP: 14/14 MP: 4/4
    19 | D:1      | Reached skill level 1 in Armour
    19 | D:1      | Reached XP level 2. HP: 5/19 MP: 3/6
   309 | D:1      | HP: 1/20 [kobold/mace (8)]
   983 | D:1      | Reached XP level 3. HP: 20/25 MP: 0/8
  1862 | D:2      | Reached XP level 4. HP: 12/30 MP: 9/9
  2151 | D:2      | Learned a level 2 spell: Shroud of Golubria
  2199 | D:2      | Learned a level 3 spell: Regeneration
  2342 | D:2      | Found a blossoming altar of Fedhas.
  2345 | D:2      | Found a stormy altar of Qazlal.
  3139 | D:4      | Reached XP level 5. HP: 19/36 MP: 5/11
  3334 | D:4      | Reached skill level 1 in Evocations
  3364 | D:4      | Noticed an ogre
  3426 | D:4      | Learned a level 3 spell: Static Discharge
  3483 | D:4      | Noticed an ogre
  3491 | D:4      | Killed an ogre
  3491 | D:4      | Reached skill level 1 in Necromancy
  3491 | D:4      | Reached XP level 6. HP: 42/42 MP: 6/12
  3503 | D:4      | Found a shattered altar of Ashenzari.
  3705 | D:4      | Reached skill level 1 in Air Magic
  3721 | D:4      | Got a twisted leather armour
  3732 | D:4      | Identified the +0 leather armour of Suxzoaciez {Str+3 Dex+3} (You found it on level 4 of the Dungeon)
  3873 | D:5      | Entered Level 5 of the Dungeon
  3873 | D:5      | Found a snail-covered altar of Cheibriados.
  3873 | D:5      | Noticed an ice beast
  3881 | D:5      | Killed an ice beast
  3905 | D:5      | Noticed a sky beast
  3914 | D:5      | Killed a sky beast
  3914 | D:5      | Reached skill level 1 in Conjurations
  3914 | D:5      | Reached skill level 1 in Translocations
  3914 | D:5      | Reached XP level 7. HP: 40/48 MP: 3/14
  4079 | D:5      | Noticed crawlian's ghost (weakling DEFE)
  4508 | D:5      | Found an iron altar of Okawaru.
  4516 | D:5      | Became a worshipper of Warmaster Okawaru
  4582 | D:5      | Reached XP level 8. HP: 54/54 MP: 7/16
  4604 | D:5      | Noticed Pikel
  4654 | D:5      | Killed Pikel
  4654 | D:5      | Reached * piety under Okawaru
  4654 | D:5      | Reached skill level 5 in Spellcasting
  4654 | D:5      | Reached skill level 5 in Charms
  4654 | D:5      | Reached skill level 1 in Invocations
  4660 | D:5      | Found Fasijafe's Book Boutique.
  4741 | D:5      | Reached skill level 5 in Fighting
  5045 | D:6      | Noticed Sigmund
  5058 | D:6      | Killed Sigmund
  5193 | D:6      | Found a staircase to the Ecumenical Temple.
  5447 | D:7      | Identified the Compendium of Rubbish
  5455 | D:7      | Learned a level 5 spell: Fireball
  5569 | D:7      | Reached XP level 9. HP: 45/61 MP: 12/18
  5934 | D:7      | Reached ** piety under Okawaru
  6042 | D:7      | Identified the Papyrus of the Compass and Heat
  6068 | D:8      | Found an ancient bone altar of Kikubaaqudgha.
  6464 | D:9      | Found a staircase to the Lair.
  6469 | D:9      | Reached skill level 1 in Fire Magic
  6512 | D:9      | Reached skill level 5 in Long Blades
  6583 | D:9      | Found a sacrificial altar of Ru.
  6780 | D:9      | Reached *** piety under Okawaru
  6841 | D:9      | Reached skill level 5 in Air Magic
  6968 | D:9      | Reached XP level 10. HP: 49/68 MP: 3/20
  7008 | D:9      | Found a glowing silver altar of Zin.
  7310 | D:10     | Entered Level 10 of the Dungeon
  7761 | D:10     | Got an encrusted falchion
  7762 | D:10     | Identified the +7 falchion "Duex" {slice, rPois Int+7} (You found it on level 10 of the Dungeon)
  7868 | D:10     | Reached **** piety under Okawaru
  7868 | D:10     | Reached skill level 5 in Dodging
  7959 | D:10     | Noticed Harold
  8006 | D:10     | Killed from afar by Harold

Vault maps used:
D:1:      dpeg_arrival_rhombus, minmay_surrounded
D:2:      grunt_temple_overflow_forces_of_nature, first_bread
D:4:      lemuel_crystal_altar
D:5:      nicolae_overflow_hidden_temple, serial_shops, nicolae_shop_waterfront,
          okawaru_trees_1, uniq_pikel
D:6:      uniq_sigmund
D:8:      nicolae_overflow_crystal_walls, uniq_erica, uniq_joseph, uniq_psyche
D:9:      marbit_many_paths, kennysheep_mini_moat, lair_0_dummy
D:10:     serial_shops, kennysheep_little_box, uniq_harold

Skill      XL: |  1  2  3  4  5  6  7  8  9 10 |
---------------+-------------------------------+-----
Armour         | 1 2 3 |  3.5
Spellcasting   | 3 4 5 6 |  6.9
Dodging        | 2 3 4 5 |  5.0
Long Blades    | 3 4 5 |  5.5
Fighting       | 3 4 5 6 |  6.3
Charms         | 4 5 6 |  6.3
Evocations     | 1 2 3 |  3.0
Necromancy     | 1 2 |  2.1
Air Magic      | 1 2 3 5 |  5.4
Conjurations   | 1 2 3 |  3.7
Translocations | 1 2 3 4 |  4.0
Invocations    | 1 2 3 |  3.4
Fire Magic     | 1 |  1.9

Action                   |  1- 3 |  4- 6 |  7- 9 | 10-12 || total
-------------------------+-------+-------+-------+-------++-------
Melee: Falchion          |   151 |   142 |       |    34 ||   327
       Long sword        |       |    51 |   372 |   102 ||   525
 Cast: Infusion          |    14 |    15 |    27 |    13 ||    69
       Regeneration      |       |     8 |    13 |     4 ||    25
       Shroud of Golubri |       |     6 |    39 |    13 ||    58
  Use: Scroll            |       |       |       |     7 ||     7
 Stab: Sleeping          |     1 |     2 |     2 |     1 ||     6
  Eat: Chunk             |     3 |     9 |    11 |     4 ||    27
Armor: Leather armour    |    29 |    37 |    55 |    30 ||   151
Dodge: Dodged            |    89 |    81 |   196 |    80 ||   446
